Map: Oxide LE

Players

PattyMac

  • Race: Protoss Protoss
  • League: Grandmaster

Nina - Winner!

  • Race: Protoss Protoss
  • League: Grandmaster

Event: DreamHack SC2 Masters 2021 Summer

VOD

Have the link to the VOD?

Description

Time

  • Played on: May 25, 2021, 5:17 p.m.
  • Length: 8:42

All games in this series

Show
View Real Time Build Order
Export as new Build Order

PattyMac Protoss 

Build Orders: 1 Gate Expand, Oracle Opening 

Get SALT Encoding   

  12  0:00  Probe  
  13  0:12  Probe  
  14  0:17  Pylon  
  14  0:25  Probe (Chrono Boost)  
  15  0:37  Probe (Chrono Boost)  
  15  0:38  Gateway  
  16  0:44  Probe (Chrono Boost)  
  16  0:46  Assimilator  
  17  0:51  Probe  
  18  1:03  Probe  
  19  1:16  Probe  
  20  1:23  Nexus  
  20  1:34  Cybernetics Core  
  20  1:36  Probe  
  21  1:43  Assimilator  
  21  1:49  Probe  
  21  1:53  Pylon  
  22  2:01  Probe  
  23  2:09  Adept (Chrono Boost)  
  23  2:13  Probe (Chrono Boost)  
  26  2:21  Stargate  
  26  2:25  Probe (Chrono Boost)  
  27  2:31  Warp Gate  
  27  2:32  Probe (Chrono Boost)  
  30  2:40  Probe (Chrono Boost)  
  30  2:43  Probe (Chrono Boost)  
  32  2:44  Stalker  
  32  2:48  Shield Battery  
  32  2:55  Probe (Chrono Boost)  
  33  2:58  Probe (Chrono Boost)  
  33  3:02  Probe (Chrono Boost)  
  33  3:05  Probe (Chrono Boost)  
  35  3:06  Oracle (Chrono Boost)  
  35  3:10  Probe  
  39  3:16  Probe  
  39  3:18  Pylon  
  40  3:22  Probe  
  41  3:27  Robotics Facility  
  41  3:29  Probe  
  42  3:34  Probe  
  42  3:41  Probe  
  44  3:43  Void Ray (Chrono Boost)  
  44  3:46  Probe  
  43  3:49  Assimilator  
  43  3:52  Assimilator  
  43  3:53  Probe  
  48  3:58  Probe  
  48  3:59  Gateway  
  48  4:00  Pylon  
  49  4:05  Probe  
  50  4:11  Probe  
  51  4:17  Probe  
  51  4:22  Observer (Chrono Boost)  
  51  4:23  Probe  
  54  4:28  Void Ray  
  54  4:29  Gateway  
  54  4:31  Gateway  
  55  4:35  Gateway x2  
  59  4:42  Immortal (Chrono Boost)  
  62  4:46  Pylon  
  62  4:54  Gateway  
  62  4:55  Pylon  
  62  5:05  Void Ray, Stalker  
  64  5:13  Pylon  
  67  5:15  Observer (Chrono Boost)  
  67  5:18  Stalker  
  70  5:25  Stalker x2  
  71  5:34  Immortal (Chrono Boost)  
  75  5:38  Zealot x2  
  79  5:46  Stalker x2  
  83  5:51  Void Ray (Chrono Boost)  
  83  5:56  Pylon  
  86  6:05  Pylon  
  86  6:13  Warp Prism  
  86  6:16  Probe, Pylon  
  86  6:18  Stalker  
  90  6:25  Stalker x2  
  90  6:31  Void Ray  
  92  6:40  Stalker x2  
  96  6:52  Stalker x3  
  102  7:08  Stalker x4  
  102  7:13  Void Ray  
  106  7:27  Sentry  
  106  7:28  Zealot  
  98  7:37  Zealot  
  98  7:38  Stalker x3  
  98  7:43  Stalker  
  104  8:01  Zealot x4  
  96  8:08  Stalker x5  
  78  8:23  Stalker  
  78  8:24  Stalker  
  76  8:31  Twilight Council  
Show
View Real Time Build Order
Export as new Build Order

Nina Protoss - Winner!

Build Orders: 1 Gate Expand, Blink Stalkers 

Get SALT Encoding   

  12  0:00  Probe  
  13  0:12  Probe  
  14  0:18  Pylon  
  14  0:24  Probe (Chrono Boost)  
  15  0:36  Probe (Chrono Boost)  
  15  0:38  Gateway  
  16  0:45  Probe (Chrono Boost)  
  16  0:47  Assimilator  
  17  0:51  Probe  
  18  0:57  Assimilator  
  18  1:03  Probe (Chrono Boost)  
  19  1:15  Probe (Chrono Boost)  
  20  1:21  Probe (Chrono Boost)  
  21  1:32  Nexus  
  21  1:41  Cybernetics Core  
  21  1:44  Probe  
  22  1:53  Pylon  
  22  1:56  Probe  
  23  2:11  Probe  
  24  2:16  Stalker (Chrono Boost)  
  24  2:19  Warp Gate  
  26  2:23  Probe  
  27  2:32  Pylon  
  27  2:35  Probe  
  28  2:39  Stalker  
  29  2:47  Probe (Chrono Boost)  
  29  2:48  Probe (Chrono Boost)  
  31  2:53  Twilight Council  
  31  2:59  Probe (Chrono Boost)  
  33  3:05  Probe (Chrono Boost)  
  33  3:07  Probe (Chrono Boost)  
  33  3:08  Stalker  
  33  3:10  Shield Battery  
  33  3:11  Probe (Chrono Boost)  
  37  3:18  Probe  
  38  3:23  Shield Battery  
  38  3:24  Probe  
  39  3:27  Shield Battery  
  39  3:28  Blink (Chrono Boost)  
  39  3:30  Probe  
  40  3:36  Probe  
  40  3:42  Probe  
  40  3:48  Probe  
  42  3:52  Gateway  
  42  3:54  Probe  
  42  3:55  Robotics Facility  
  43  4:00  Probe  
  44  4:06  Probe  
  44  4:07  Stalker  
  46  4:12  Probe  
  47  4:18  Probe  
  48  4:24  Probe  
  48  4:27  Forge  
  48  4:30  Probe  
  50  4:31  Stalker  
  50  4:34  Nexus  
  50  4:36  Probe, Pylon  
  53  4:41  Assimilator  
  53  4:42  Observer (Chrono Boost)  
  54  4:49  Pylon  
  54  4:50  Pylon  
  54  4:54  Probe, Protoss Ground Weapons Level 1 (Chrono Boost)  
  54  4:55  Stalker  
  54  4:56  Probe  
  54  4:59  Observer  
  59  5:00  Gateway  
  59  5:06  Probe  
  60  5:08  Probe  
  61  5:16  Pylon, Stalker  
  61  5:18  Probe  
  61  5:19  Stalker  
  66  5:25  Gateway  
  66  5:29  Gateway  
  66  5:31  Gateway  
  66  5:34  Observer  
  67  5:39  Gateway  
  67  5:41  Pylon  
  67  5:45  Stalker  
  67  5:48  Stalker  
  71  5:51  Shield Battery  
  71  5:57  Stalker  
  72  6:07  Pylon  
  72  6:09  Stalker  
  74  6:13  Stalker  
  74  6:14  Photon Cannon  
  74  6:16  Shield Battery  
  76  6:20  Stalker  
  76  6:21  Stalker  
  76  6:25  Probe x2  
  82  6:26  Probe  
  83  6:36  Stalker x4  
  87  6:46  Probe  
  86  6:49  Stalker  
  86  6:50  Probe, Stalker x2  
  89  7:05  Stalker x4  
  89  7:06  Probe  
  89  7:07  Probe x2  
  96  7:14  Stalker x2  
  100  7:19  Probe  
  100  7:22  Pylon  
  101  7:23  Pylon  
  101  7:24  Photon Cannon  
  101  7:26  Stalker  
  99  7:30  Stalker  
  93  7:37  Stalker  
  93  7:38  Zealot x3  
  93  7:39  Zealot  
  103  7:50  Photon Cannon  
  101  7:53  Stalker  
  101  7:58  Zealot x3  
  103  7:59  Zealot  
  103  8:03  Zealot x2  
  103  8:05  Probe  
  106  8:09  Probe  
  91  8:17  Stalker  
  85  8:22  Stalker x4  
  85  8:24  Probe  
  85  8:25  Probe  
  86  8:36  Assimilator  
Tags
 
Add a new tag
Caveats
  • Supply blocks, unpowered buildings, or Contaminate may cause inaccurate times.
  • Supply counts are checked every 10 seconds.